 Dungeon Crawl Stone Soup version 0.31-a0-188-g5e087ee2ca (webtiles) character file.

Game seed: 17368698927425810901

34 qw the Shooter (level 3, -2/20 HPs)
             Began as a Deep Elf Hunter on June 23, 2023.
             Succumbed to their own poison gas
             ... on level 1 of the Dungeon.
             The game lasted 00:00:17 (710 turns).

qw the Shooter (Deep Elf Hunter)                     Turns: 710, Time: 00:00:18

Health: -2/20      AC:  6    Str: 10    XL:     3   Next: 14%
Magic:  5/5        EV: 11    Int: 13    God:
Gold:   17         SH:  0    Dex: 18    Spells: 2/2 levels left

rFire   . . .        Y - +0 shortbow
rCold   . . .        (shield currently unavailable)
rNeg    . . .        f - +0 ring mail
rPois   .            (no helmet)
rElec   .            c - +0 cloak
rCorr   .            (no gloves)
SInv    .            (no boots)
Will    .....        (no amulet)
Stlth   +            (no ring)
HPRegen 0.23/turn    (no ring)
MPRegen 0.09/turn

%: no passive effects
@: lethally poisoned (-2 -> -17), attractive
A: no striking features
a: no special abilities


You were on level 1 of the Dungeon.
You visited 1 branch of the dungeon, and saw 1 of its levels.

You collected 72 gold pieces.
You spent 55 gold pieces at shops.


   Skills:
 - Level 1.5 Fighting
 + Level 6.7 Ranged Weapons
 - Level 2.4 Dodging
 - Level 1.2 Stealth


You had 2 spell levels left.
You didn't know any spells.
Your spell library was empty.

Inventory:

Hand Weapons
 Y - a +0 shortbow (weapon)
Armour
 c - a +0 cloak (worn)
 f - a +0 ring mail (worn)
Jewellery
 h - a ring of ice
Scrolls
 d - 2 scrolls of identify
 m - 4 scrolls of teleportation
Potions
 e - a potion of resistance

Dungeon Overview and Level Annotations

Branches:
Dungeon (1/15)

Altars:

Shops:
D:1 ?


Message History

Done exploring.
706 ||| DROPPING potion of berserk rage.
You drop a potion of berserk rage.
Done exploring.
707 ||| DROPPING scroll of poison.
You drop a scroll of poison.
Done exploring.
(D) Dungeon
Where to? (* - list waypoints, ? - help)
What level of the Dungeon? (default 1, ? - help) Sorry, I don't know how to get there.
Enter note:
Enter note:
Enter note:
Enter note:
Enter note:
Enter note:
Enter note:
Enter note:
Enter note: Really walk into that cloud of poison gas?
You are engulfed in poison gas.
You are lethally poisoned!
You feel very sick.
Enter note:
Enter note:
Enter note:
Enter note:
Enter note:
Enter note:
Enter note:
Enter note:
Enter note:
Enter note:
Enter note:
Enter note:
709 ||| Stepping ~*~*~tactically~*~*~ (cloud).
You feel very sick.
Items here: !!! ??.
There is a lethal amount of poison in your body!
You die...

#...######## #.(##
#..### #....#
#############.##.##
#0¤0.000¤0.##.##..#
#000.0¤¤0.0##.###.######
#¤..¤.00¤00##'###.......
#.¤¤..¤@000..00.........
#0.0.0¤.00¤0¤¤¤.........
##########.¤00..........
#.00...........
#...0..........
#...00....#####
#####'##### #.###
#...######


There were no monsters in sight!

Vanquished Creatures
  A gnoll (D:1)
  2 dart slugs (D:1)
  2 bats (D:1)
  6 endoplasms (D:1)
  2 giant cockroaches (D:1)
  A goblin (D:1)
  A frilled lizard (D:1)
  2 kobolds (D:1)
  A rat (D:1)
18 creatures vanquished.

Notes
Turn   | Place    | Note
-------+----------+-------------------------------------------
     0 | D:1      | qw the Deep Elf Hunter began the quest for the Orb.
     0 | D:1      | Reached XP level 1. HP: 12/12 MP: 3/3
     0 | D:1      | 0 ||| qw: Version: 0.3-a-9-g12657ce
     0 | D:1      | 0 ||| qw: Game counter: 3753
     0 | D:1      | 0 ||| qw: Always use a shield: true
     0 | D:1      | 0 ||| qw: God list: Okawaru
     0 | D:1      | 0 ||| qw: Allow faded altars: false
     0 | D:1      | 0 ||| qw: Do Orc after D:15 true
     0 | D:1      | 0 ||| qw: Do second Lair branch before Depths: true
     0 | D:1      | 0 ||| qw: Lair rune preference: random
     0 | D:1      | 0 ||| qw: Plans: Normal
     0 | D:1      | 0 ||| PLANNING D:1-11
    99 | D:1      | Reached skill level 6 in Ranged Weapons
    99 | D:1      | Reached XP level 2. HP: 16/16 MP: 4/4
   284 | D:1      | 284 ||| UPGRADING to +0 ring mail.
   317 | D:1      | 317 ||| DROPPING +0 leather armour.
   325 | D:1      | 325 ||| UPGRADING to +0 cloak.
   375 | D:1      | Reached XP level 3. HP: 20/20 MP: 5/5
   480 | D:1      | Found Acrub's Magic Scroll Shoppe.
   491 | D:1      | 491 ||| SHOPLISTING scroll of acquirement (572 gold, have
                  | 72).
   491 | D:1      | 491 ||| BUYING scroll of identify (22 gold).
   491 | D:1      | Bought a scroll of identify for 22 gold pieces
   491 | D:1      | 491 ||| BUYING scroll of teleportation (33 gold).
   491 | D:1      | Bought a scroll of teleportation for 33 gold pieces
   595 | D:1      | 595 ||| READING scroll labelled KEDWEC VYAHOUDWIT.
   596 | D:1      | 596 ||| READING scroll labelled GOBUAN ANKIRA.
   697 | D:1      | 697 ||| READING scroll labelled VISOAV DUHOPY.
   698 | D:1      | 698 ||| READING 2 scrolls labelled HYAKKOG AMIVE.
   699 | D:1      | 699 ||| DRINKING 2 brown potions.
   700 | D:1      | 700 ||| READING 5 scrolls of identify.
   700 | D:1      | 700 ||| IDENTIFYING lumpy yellow potion
   701 | D:1      | 701 ||| READING 4 scrolls of identify.
   701 | D:1      | 701 ||| IDENTIFYING lumpy amethyst potion
   702 | D:1      | 702 ||| READING 3 scrolls of identify.
   702 | D:1      | 702 ||| IDENTIFYING murky amethyst potion
   703 | D:1      | 703 ||| DROPPING scroll of butterflies.
   704 | D:1      | 704 ||| DROPPING potion of attraction.
   705 | D:1      | 705 ||| DROPPING potion of lignification.
   706 | D:1      | 706 ||| DROPPING potion of berserk rage.
   707 | D:1      | 707 ||| DROPPING scroll of poison.
   709 | D:1      | 709 ||| Stepping ~*~*~tactically~*~*~ (cloud).
   709 | D:1      | HP: 2/20 [poisoned by you (poison gas)]
   710 | D:1      | Succumbed to their own poison gas

Levels and vault maps discovered:
D:1:      lightli_arrival_boilingwater, layout_basic, serial_shops, shop,
          minmay_heptomino_w4

Skill      XL: |  1 |
---------------+----+-----
Ranged Weapons | 6 |  6.7
Fighting       | |  1.5
Dodging        | |  2.4
Stealth        | |  1.2

Action                     || total
---------------------------++-------
   Fire: Shortbow          ||    37
    Use: Scroll            ||     7
         Potion            ||     1
 Armour: Ring mail         ||     1
  Dodge: Dodged            ||    11

Table legend:
 A = Non-vault XP
 B = Vault XP
 C = Vault XP percentage of total XP
 D = Non-vault monster count
 E = Vault monster count
 F = Vault count percentage of total count
                 A         B        C        D         E       F
            +---------+---------+-------+---------+---------+-------
      Total |      45 |       4 |   8.2 |      15 |       3 |  16.7
            +---------+---------+-------+---------+---------+-------
        D:1 |      45 |       4 |   8.2 |      15 |       3 |  16.7
            +---------+---------+-------+---------+---------+-------
